 Dungeon Crawl Stone Soup version 0.31.0-1-g2c135a0 (webtiles) character file.

Game seed: 3763598441291821401

3049 brinewave the Fighter (level 9, -5/82 HPs)
             Began as a Minotaur Fighter on Jan 25, 2024.
             Was a Follower of Qazlal.
             Slain by a two-headed ogre
             ... wielding a +0 giant club
              (16 damage)
             ... on level 8 of the Dungeon.
             The game lasted 00:18:01 (6202 turns).

brinewave the Fighter (Minotaur Fighter)            Turns: 6202, Time: 00:18:01

Health: -5/82      AC: 20    Str: 25    XL:     9   Next: 57%
Magic:  8/8        EV:  8    Int:  9    God:    Qazlal [*.....]
Gold:   336        SH:  8    Dex: 10    Spells: 8/8 levels left

rFire   . . .        a - +0 war axe (freeze)
rCold   . . .        c - +0 buckler
rNeg    . . .        w - +0 chain mail
rPois   .            (helmet restricted)
rElec   .            u - +0 cloak
rCorr   .            (no gloves)
SInv    .            A - +2 pair of boots "Qimme" {Int+4}
Will    .....        (no amulet) Stlth
                     C - +4 ring of protection
HPRegen 0.33/turn    (no ring)
MPRegen 0.11/turn

%: no passive effects
@: mighty
A: horns 2, retaliatory headbutt
a: Renounce Religion


You were on level 8 of the Dungeon.
You worshipped Qazlal.
Qazlal was aware of your devotion.
You visited 2 branches of the dungeon, and saw 9 of its levels.

You collected 336 gold pieces.

Inventory:

Hand Weapons
 a - a +0 war axe of freezing (weapon)
 o - a +4 heavy scythe
 x - a +0 heavy war axe
Missiles
 j - 42 stones (quivered)
 q - 6 poisoned darts
 s - 5 boomerangs
Armour
 c - a +0 buckler (worn)
 u - a +0 cloak (worn)
 w - a +0 chain mail (worn)
 A - the +2 pair of boots "Qimme" (worn) {Int+4}
   (You found it on level 6 of the Dungeon)

   Int+4:     It affects your intelligence (+4).
Jewellery
 C - a +4 ring of protection (left hand)
Wands
 e - a wand of polymorph (10)
 l - a wand of mindburst (8)
Scrolls
 f - 4 scrolls of blinking
 g - 2 scrolls of brand weapon
 h - a scroll of fog {unknown}
 m - a scroll of butterflies
 p - a scroll of poison {unknown}
 r - a scroll of fear {unknown}
 t - a scroll of enchant armour {unknown}
 y - a scroll of noise {unknown}
 z - 2 scrolls of revelation
Potions
 i - 2 potions of mutation
 k - a potion of ambrosia
 n - a potion of curing
 B - a potion of haste


   Skills:
 + Level 8.9 Fighting
 + Level 8.4 Axes
 + Level 8.8 Armour
 + Level 8.8 Shields


You had 8 spell levels left.
You didn't know any spells.
Your spell library contained the following spells:

 Spells                   Type           Power      Damage    Failure   Level
 Sting                    Conj/Alch      0%         1d3       89%         1
 Cigotuvi's Dreadful Rot  Necr/Alch/Air  0%         N/A       96%         2
 Mercury Vapours          Alch/Air       0%         N/A       96%         2
 Frozen Ramparts          Ice            0%         1d1       99%         3
 Inner Flame              Hex/Fire       0%         N/A       99%         3
 Mephitic Cloud           Conj/Alch/Air  0%         N/A       99%         3
 Dispel Undead            Necr           0%         3d6       100%        4
 Leda's Liquefaction      Alch/Erth      0%         N/A       100%        4
 Martyr's Knell           Necr/Summ      0%         N/A       100%        4
 Olgreb's Toxic Radiance  Alch           0%         N/A       100%        4
 Petrify                  Alch/Erth      0%         N/A       100%        4
 Freezing Cloud           Conj/Ice/Air   0%         6-21      100%        5
 Irradiate                Conj/Alch      0%         3d11      100%        5
 Metabolic Englaciation   Hex/Ice        0%         N/A       100%        5
 Death Channel            Necr           0%         N/A       100%        6
 Ignition                 Fire           0%         3d3       100%        8


Dungeon Overview and Level Annotations

Branches:
Dungeon (7/15)             Temple (1/1) D:6

Altars:
Cheibriados
Dithmenos
Elyvilon
Fedhas
Gozag
Hepliaklqana
Kikubaaqudgha
Makhleb
Nemelex Xobeh
Okawaru
Qazlal
Ru
Sif Muna
Uskayaw
Vehumet
Wu Jian
Yredelemnul
Zin
The Shining One

Shops:
D:5 (

Annotations:
D:3 1 runed translucent door, Crazy Yiuf


Innate Abilities, Weirdness & Mutations

You have a pair of horns on your head.
You reflexively headbutt those who attack you in melee.


Message History

The lemure hits you but does no damage. The lemure hits you but does no damage.
The lemure hits you but does no damage.
As you read the scroll labelled TEATRU QIUSSOO, it crumbles to dust.
It is a scroll of amnesia.
You feel forgetful for a moment. The lemure hits you but does no damage.
You drop a scroll of amnesia.
The lemure misses you. You furiously retaliate!
You headbutt the lemure.
Okay, then.
Okay, then.
You drop a potion of attraction.
You block the lemure's attack.
You feel very mighty all of a sudden. The lemure hits you but does no damage.
You slash the lemure! You freeze the lemure.
The lemure is almost dead.
The lemure barely misses you.
You slice the lemure!! You freeze the lemure.
You kill the lemure!
That felt strangely unrewarding.
You slice the lemure!! You freeze the lemure!
You kill the lemure!
That felt strangely unrewarding.
You hear a shout! x2
You closely miss the two-headed ogre.
The two-headed ogre hits you with a +0 giant club!
The two-headed ogre hits you but does no damage.
You slash the two-headed ogre! You freeze the two-headed ogre!
Your headbutt misses the two-headed ogre.
The two-headed ogre is moderately wounded.
The two-headed ogre hits you with a +0 giant club! x2
* * * LOW HITPOINT WARNING * * *
You slash the two-headed ogre! You freeze the two-headed ogre.
The two-headed ogre is heavily wounded.
You barely miss the two-headed ogre.
The two-headed ogre is heavily wounded.
The two-headed ogre barely misses you. x2
You slice the two-headed ogre!! You freeze the two-headed ogre.
The two-headed ogre is almost dead.
The two-headed ogre hits you with a +0 giant club!
You die...

##### #.#@#
#.O## #.#.#
#.##.# #.#
#.# ###
#######.#
... ...
..$....5# #
.#. .##.
#######.#.#
. # # #.#
##.#.####.


You could see a two-headed ogre.

Vanquished Creatures
  Maggie (D:6)
  Grinder (D:3)
  Sigmund (D:2)
  A shadow (D:7)
  A steam dragon (D:6)
  Edmund (D:6)
  Duvessa (D:6)
  An orc warrior (D:7)
  2 ice beasts
  A black bear (D:6)
  4 phantoms
  A kobold brigand (D:6)
  2 lemures (D:8)
  2 bullfrogs
  3 scorpions
  3 wights (D:6)
  Dowan (D:6)
  A howler monkey (D:5)
  A hound (D:6)
  A jelly (D:5)
  3 orc priests
  A sleepcap (D:6)
  Jessica (D:2)
  Natasha (thrice) (D:3)
  2 orc wizards
  An iguana (D:6)
  Robin (D:2)
  3 gnolls (D:6)
  9 adders
  2 shadow imps
  A white imp (D:6)
  2 ufetubi (D:6)
  A ribbon worm (D:3)
  2 dart slugs
  17 orcs
  6 ball pythons
  12 endoplasms
  A giant cockroach (D:3)
  17 goblins
  8 hobgoblins
  2 jackals (D:3)
  4 quokkas
  3 bats
  9 frilled lizards
  13 kobolds
  2 rats
156 creatures vanquished.

Notes
Turn   | Place    | Note
-------+----------+-------------------------------------------
     0 | D:1      | brinewave the Minotaur Fighter began the quest for the Orb.
     0 | D:1      | Reached XP level 1. HP: 19/19 MP: 0/0
   145 | D:1      | Reached XP level 2. HP: 27/27 MP: 1/1
   494 | D:1      | Reached XP level 3. HP: 32/33 MP: 2/2
   856 | D:2      | Noticed Jessica
   860 | D:2      | Killed Jessica
   948 | D:2      | Reached XP level 4. HP: 38/40 MP: 3/3
  1020 | D:2      | Noticed Sigmund
  1032 | D:2      | Killed Sigmund
  1033 | D:2      | Reached skill level 5 in Fighting
  1033 | D:2      | Reached skill level 5 in Armour
  1033 | D:2      | Reached skill level 5 in Shields
  1033 | D:2      | Reached XP level 5. HP: 28/48 MP: 4/4
  1329 | D:2      | Noticed Robin
  1340 | D:2      | Killed Robin
  1344 | D:2      | Reached XP level 6. HP: 55/56 MP: 5/5
  1707 | D:3      | Noticed Grinder
  1713 | D:3      | Killed Grinder
  1849 | D:3      | Found a runed translucent door.
  1850 | D:3      | Noticed Crazy Yiuf
  1952 | D:3      | Found a faded altar of an unknown god.
  2047 | D:3      | Noticed Natasha
  2053 | D:3      | Killed Natasha
  2240 | D:3      | Noticed Natasha
  2246 | D:3      | Killed Natasha
  2247 | D:3      | Reached skill level 5 in Axes
  2247 | D:3      | Reached XP level 7. HP: 43/62 MP: 6/6
  2422 | D:3      | Found a stormy altar of Qazlal.
  2487 | D:3      | Became a worshipper of Qazlal Stormbringer
  2650 | D:3      | Noticed Natasha
  2652 | D:3      | Killed Natasha
  2731 | D:4      | Found a sacrificial altar of Ru.
  3448 | D:5      | Entered Level 5 of the Dungeon
  3504 | D:5      | Reached XP level 8. HP: 60/71 MP: 7/7
  3772 | D:5      | Found an ornate altar of the Wu Jian Council.
  4057 | D:5      | Found Von Qux's Weapon Shop.
  4353 | D:6      | Found a white marble altar of Elyvilon.
  4374 | D:6      | Reached * piety under Qazlal
  4508 | D:6      | Identified the +2 pair of boots "Qimme" {Int+4}
  4527 | D:6      | Noticed Duvessa
  4528 | D:6      | Noticed Dowan
  4545 | D:6      | Killed Duvessa
  4547 | D:6      | Killed Dowan
  4809 | D:6      | Noticed a rust devil
  4810 | D:6      | Noticed a rust devil
  4823 | D:6      | Noticed Maggie
  4830 | D:6      | Killed Maggie
  4831 | D:6      | Reached XP level 9. HP: 81/81 MP: 8/8
  4923 | D:6      | Identified the +4 halberd of Pynk {distort, rElec rN+
                  | Str+3}
  4939 | D:6      | Found a hide-covered altar of Uskayaw.
  4940 | D:6      | Noticed Edmund
  4956 | D:6      | Killed Edmund
  5312 | D:6      | Found a staircase to the Ecumenical Temple.
  5326 | Temple   | Entered the Ecumenical Temple
  5380 | D:6      | Found an ancient bone altar of Kikubaaqudgha.
  5382 | D:6      | Found a glowing golden altar of the Shining One.
  5856 | D:7      | You fall into a shaft and drop 1 floor!
  6005 | D:8      | Noticed a two-headed ogre
  6202 | D:8      | Slain by a two-headed ogre

Illustrated notes

Levels and vault maps discovered:
D:1:      lightli_arrival_farm, layout_loops_ring, minmay_lizard_pond
D:2:      layout_basic, uniq_jessica, uniq_robin, uniq_sigmund
D:3:      layout_basic, lemuel_tele_altar, chequers_ecumenical_altar_twisty,
          uniq_natasha, uniq_grinder, uniq_crazy_yiuf_cottage
D:4:      layout_loops_ring, nicolae_ru_sacrificial_ziggurat
D:5:      layout_gridville, nicolae_overflow_hidden_temple, serial_shops, shop
D:6:      cheibrodos_iron_armory, layout_basic, elyvilon_altar_4,
          eat_drink_and_be_merry_uskayaw, minitemple,
          minmay_temple_entry_water_ring, uniq_edmund, uniq_maggie, uniq_duvessa
D:7:      layout_basic
D:8:      nzn_winding_woodlands_stair_cross [nzn_winding_woodlands_5x15_crooked,
          nzn_winding_woodlands_center_lodge, nzn_winding_woodlands_5x15_cabin,
          nzn_winding_woodlands_5x5_checkerboard,
          nzn_winding_woodlands_5x5_closed_star,
          nzn_winding_woodlands_5x15_concentric,
          nzn_winding_woodlands_center_garden,
          nzn_winding_woodlands_5x15_longhouse], layout_loops_ring,
          mainiacjoe_overflow_concentric_impassable, nicolae_letterblocks
          [nicolae_letter_subblock, nicolae_letter_subblock,
          nicolae_letter_subblock, nicolae_letter_subblock,
          nicolae_letter_subblock, nicolae_letter_subblock,
          nicolae_letter_subblock, nicolae_letter_subblock,
          nicolae_letter_subblock, nicolae_letter_subblock,
          nicolae_letter_subblock, nicolae_letter_subblock,
          nicolae_letter_subblock, nicolae_letter_subblock,
          nicolae_letter_subblock, nicolae_letter_subblock,
          nicolae_letter_subblock, nicolae_letter_subblock,
          nicolae_letter_subblock, nicolae_letter_subblock,
          nicolae_letter_subblock, nicolae_letter_subblock,
          nicolae_letter_subblock, nicolae_letter_subblock,
          nicolae_letter_subblock], uniq_pikel, uniq_amaemon, uniq_jeremiah,
          uniq_grum
Temple:   hellmonk_temple_flake

Skill      XL: |  1  2  3  4  5  6  7  8  9 |
---------------+----------------------------+-----
Armour         | 4 5 6 8 |  8.8
Shields        | 4 5 6 7 8 |  8.8
Fighting       | 4 5 6 8 |  8.9
Axes           | 3 4 5 6 7 8 |  8.4

Action                     |  1- 3 |  4- 6 |  7- 9 || total
---------------------------+-------+-------+-------++-------
  Melee: War axe           |    75 |    83 |   259 ||   417
         Headbutt          |     7 |    12 |    32 ||    51
  Throw: Dart              |       |       |     1 ||     1
  Evoke: Wand              |       |       |     2 ||     2
    Use: Scroll            |     3 |     4 |     9 ||    16
         Potion            |       |       |     1 ||     1
 Armour: Scale mail        |    42 |    58 |    58 ||   158
         Chain mail        |       |       |   191 ||   191
  Dodge: Dodged            |    37 |    25 |   102 ||   164
  Block: Buckler           |    16 |    18 |    77 ||   111
